 Dungeon Crawl Stone Soup version 0.20-a0-1122-gb7cbeb9 (webtiles) character file.

98462 MackTheKnife the Basher (level 16, -9/123 HPs)
             Began as a Gnoll Skald on May 15, 2017.
             Was a Follower of Okawaru.
             Mangled by a jumping spider (12 damage)
             ... on level 1 of the Spider Nest.
             The game lasted 01:48:18 (31563 turns).

MackTheKnife the Basher (Gnoll Skald)              Turns: 31563, Time: 01:48:19

Health: -9/123     AC: 16    Str: 11    XL:     16   Next: 22%
Magic:  20/29      EV: 14    Int: 15    God:    Okawaru [*.....]
Gold:   1540       SH: 10    Dex: 18    Spells: 18/33 levels left

rFire    + + .     SeeInvis .   a - +3 whip (elec) (curse)
rCold    . . .     Gourm    .   Q - +0 shield {AC+3} (curse)
rNeg     + . .     Faith    +   D - +2 robe of Narcissism {rPois rF+} (curse)
rPois    +         Spirit   .   o - +2 helmet (curse)
rElec    .         Reflect  .   v - +0 cloak (curse)
rCorr    .         Harm     .   j - +0 pair of gloves (curse)
MR       .....                  i - +2 pair of boots (curse)
Stlth    +++.......             q - amulet of faith (curse) {Faith, !P}
Regen    0.3/turn               A - ring of positive energy (curse) {rN+}
MPRegen  0.3/turn               b - ring of protection from fire (curse) {rF+, !d}

@: very slightly contaminated
A: short attention span, fangs 1, strong nose
a: Heroism, Renounce Religion


You were on level 1 of the Spider Nest.
You worshipped Okawaru.
Okawaru was aware of your devotion.
You were near starving.

You visited 6 branches of the dungeon, and saw 26 of its levels.
You visited the Abyss 1 time.

You collected 1919 gold pieces.
You spent 379 gold pieces at shops.

Inventory:

Hand Weapons
 a - a cursed +3 whip of electrocution (weapon)
   (You took it off Pikel on level 6 of the Dungeon)
Missiles
 z - a throwing net {=f, !d}
Armour
 g - the +9 chain mail "Etukopa" {rCorr Int+3 Dex-3}
   (You found it on level 9 of the Dungeon)

   It affects your intelligence (+3).
   It affects your dexterity (-3).
   It protects you from acid and corrosion.
 i - a cursed +2 pair of boots (worn)
   (You found it on level 6 of the Dungeon)
 j - a cursed +0 pair of gloves (worn)
   (You found it on level 4 of the Dungeon)
 o - a cursed +2 helmet (worn)
   (You found it on level 1 of the Dungeon)
 v - a cursed +0 cloak (worn)
   (You took it off Crazy Yiuf on level 3 of the Dungeon)
 D - the cursed +2 robe of Narcissism (worn) {rPois rF+}
   (You found it on level 5 of the Dungeon)

   It protects you from fire.
   It protects you from poison.
   It has a curse placed upon it.
 Q - a cursed +0 shield of protection (worn)
   (You bought it in a shop on level 2 of the Orcish Mines)
Magical Staves
 l - an uncursed staff of fire {rF+}
   (You found it on level 6 of the Lair of Beasts)
 F - an uncursed staff of earth
   (You found it on level 6 of the Lair of Beasts)
Jewellery
 b - a cursed ring of protection from fire (right hand) {rF+, !d}
   (You found it on level 1 of the Lair of Beasts)
 q - a cursed amulet of faith (around neck) {Faith, !P}
   (You found it on level 6 of the Dungeon)
 A - a cursed ring of positive energy (left hand) {rN+}
   (You found it on level 3 of the Dungeon)
Wands
 c - a wand of enslavement (16/24)
   (You found it on level 4 of the Lair of Beasts)
 m - a wand of lightning (6/15)
   (You found it on level 10 of the Dungeon)
 r - a wand of scattershot (1/9)
   (You bought it in a shop on level 2 of the Orcish Mines)
 E - a wand of enslavement (6/24)
   (You found it on level 15 of the Dungeon)
 K - a wand of lightning (8/15)
   (You found it on level 3 of the Lair of Beasts)
 O - a wand of clouds (0/9)
   (You took it off an orc on level 12 of the Dungeon)
 R - a wand of iceblast (5/15)
   (You found it on level 13 of the Dungeon)
 U - a wand of acid (7/15)
   (You found it on level 15 of the Dungeon)
Scrolls
 h - 4 scrolls of amnesia
 k - 3 scrolls of teleportation
 s - 3 scrolls of blinking {!r}
 w - 5 scrolls of fog
 y - a scroll of fear
 C - 6 scrolls of recharging
 L - a scroll of magic mapping {!r}
 T - a scroll of identify
Potions
 e - a potion of flight
 f - 7 potions of curing
 n - 5 potions of brilliance
 t - a potion of heal wounds
 u - 2 potions of haste
 x - a potion of magic
 G - 3 potions of berserk rage {!q}
 H - 3 potions of agility
 J - a potion of resistance
 N - 2 potions of lignification {!q}
 P - a potion of cancellation {unknown}
Miscellaneous
 S - a phantom mirror
Comestibles
 d - a bread ration {@e1}
 p - 14 meat rations {@e2}
 B - 6 royal jellies
 M - 8 fruits


   Skills:
 + Level 10.4(6.4) Fighting
 - Level 10.7(6.7) Maces & Flails
   Level 8.3(4.3) Polearms
 - Level 7.6(3.8) Armour
 - Level 9.5(5.5) Dodging
 - Level 9.3(5.3) Stealth
 - Level 10.7(6.7) Shields
 - Level 9.4(5.4) Spellcasting
 - Level 1.4(0.7) Hexes
 - Level 9.0(5.0) Charms
 - Level 7.8(3.9) Necromancy
 - Level 10.6(6.6) Air Magic
 - Level 8.3(4.3) Evocations


You had 18 spell levels left.
You knew the following spells:

 Your Spells              Type           Power        Failure   Level  Hunger
a - Infusion              Chrm           ###.         6%          1    None
d - Deflect Missiles      Chrm/Air       ###.......   99%         6    #######
r - Regeneration          Chrm/Necr      ###.......   22%         3    ###....
s - Shroud of Golubria    Chrm/Tloc      ##........   24%         2    #......
z - Spectral Weapon       Hex/Chrm       ##......     38%         3    ###....


Dungeon Overview and Level Annotations

Branches:
Dungeon (15/15)            Temple (1/1) D:5            Lair (6/6) D:11
 Shoals (1/4) Lair:4       Spider (1/4) Lair:4        Slime (0/5) Lair:6
    Orc (2/2) D:12            Elf (0/3) Orc:2        Vaults (0/5) D:14
 Depths (0/5) D:15

Altars:
Ashenzari
Cheibriados
Dithmenos
Elyvilon
Fedhas
Gozag
Hepliaklqana
Makhleb
Nemelex Xobeh
Okawaru
Qazlal
Ru
Sif Muna
Trog
Uskayaw
Vehumet
Xom
Zin
The Shining One

Shops:
Orc:2 %*%[

Annotations:
D:4 morbho's ghost, amateur MiFi
D:9 exclusion: 2 doors
D:10 exclusion: Fannar, Fannar
D:13 Frances; Nessos
D:15 2 runed doors, exclusion: orange crystal statue
Spider:1 Donald


Innate Abilities, Weirdness & Mutations

You have a short attention span.
You have very sharp teeth.
Your uncanny sense of smell can sniff out nearby items.


Message History

The redback bites you but does no damage.
The wolf spider closely misses you. The wolf spider bites you.
You take 8 damage, and have 45/123 hp.
You hit the wolf spider but do no damage.
The jumping spider leaps!
The redback misses you.
The wolf spider hits you but does no damage.
The wolf spider bites you.
You are poisoned.
The wolf spider poisons you!
You take 4 damage, and have 41/123 hp.
You hit the wolf spider but do no damage.
Lightning courses through the wolf spider!
You bite the wolf spider.
You feel very sick. The redback misses you. You block the wolf spider's attack.
The wolf spider bites you but does no damage.
You take 3 damage, and have 38/123 hp.
You are near starving!
You barely miss the wolf spider.
You feel sick.
The jumping spider leaps!
The redback closely misses you.
The wolf spider hits you but does no damage.
You block the wolf spider's attack.
You take 2 damage, and have 36/123 hp.
You hit the wolf spider.
You kill the wolf spider!
Okawaru accepts your kill.
You feel sick. The redback closely misses you.
The jumping spider leaps!
You take 1 damage, and have 35/123 hp.
You feel better.
The redback bites you but does no damage.
The jumping spider leaps!
You block the redback's attack.
You regained 11 hp, and now have 46/123 hp.
You hit the redback. The redback bites you!
* * * LOW HITPOINT WARNING * * *
You take 15 damage, and have 31/123 hp.
You draw out your weapon's spirit!
You block the redback's attack. x2
You now have 17/29 mp.
You hit the redback. Lightning courses through the redback!
You kill the redback!
Okawaru accepts your kill.
The jumping spider leaps!
The jumping spider completely misses you.
You block the jumping spider's attack.
You see here a metallic green potion.
You whack the jumping spider!
Your spectral weapon hits the jumping spider!
The jumping spider closely misses you.
The jumping spider bites you but does no damage.
You hit the jumping spider.
Your spectral weapon barely misses the jumping spider.
You block the jumping spider's attack. The jumping spider misses you.
You hit the jumping spider but do no damage.
Your spectral weapon hits the jumping spider.
The jumping spider pounces on you!
* * * LOW HITPOINT WARNING * * *
The jumping spider bites you but does no damage.
The jumping spider pounces on you.
* * * LOW HITPOINT WARNING * * *
The jumping spider barely misses you.
You take 12 damage, and have 21/123 hp.
You hit the jumping spider but do no damage.
Your spectral weapon hits the jumping spider.
The jumping spider pounces on you!!
* * * LOW HITPOINT WARNING * * *
You are caught in a web!
The jumping spider bites you but does no damage.
You take 18 damage, and have 3/123 hp.
You feel much better.
The jumping spider pounces on you but does no damage.
The jumping spider bites you.
* * * LOW HITPOINT WARNING * * *
You regained 26 hp, and now have 29/123 hp.
Unknown command.
You feel better. The jumping spider pounces on you!
* * * LOW HITPOINT WARNING * * *
You are even more entangled.
The jumping spider bites you.
* * * LOW HITPOINT WARNING * * *
The jumping spider pounces on you!
* * * LOW HITPOINT WARNING * * *
The jumping spider bites you but does no damage.
You struggle to detach yourself from the web.
The jumping spider pounces on you.
* * * LOW HITPOINT WARNING * * *
You are even more entangled.
The jumping spider closely misses you.
You take 17 damage, and have 12/123 hp.
You struggle to detach yourself from the web.
The jumping spider pounces on you but does no damage.
The jumping spider barely misses you. The jumping spider pounces on you.
* * * LOW HITPOINT WARNING * * *
The jumping spider bites you.
* * * LOW HITPOINT WARNING * * *
You take 10 damage, and have 2/123 hp.
The web tears apart.
The jumping spider pounces on you but does no damage.
You block the jumping spider's attack.
You barely miss the jumping spider.
Your spectral weapon hits the jumping spider but does no damage.
The jumping spider pounces on you but does no damage.
You block the jumping spider's attack. The jumping spider pounces on you!
You die...

, , ,,
..........^...≈#
, , ,
,.......<....^##*
,,, ≈≈,
.....^......##
,,,*
##/........≈# , ,
, ,{###≈......≈#
, ,,,,
,.^.≈#....≈## ,
,,,,,....#....##
,, ,,#≈####.....#
, , ,*,
.......@..##
*,,,,, ,
......(s..# * *,,
,
,,..........≈≈≈*
, ,
,..........≈≈≈#*
,*
,.....####≈≈#≈≈#
, ,, , ...>.
,,..≈#### ,,
..^.*, ...# , *
,,....,,,,...# *
, ,,,, , ,


You could see a jumping spider and a friendly spectral whip of electrocution.

Vanquished Creatures
  Gastronok (D:8)
  A stone giant (Orc:2)
  Azrael (D:14)
  A yaktaur captain (D:14)
  6 hydras
  A rakshasa (D:15)
  5 centaur warriors
  Erica (D:8)
  3 ogre magi
  17 two-headed ogres
  5 death yaks
  Sonja (Orc:2)
  3 skeletal warriors (D:14)
  2 deep trolls (Orc:2)
  4 unseen horrors
  A death drake (shapeshifter) (D:15)
  A wizard (D:14)
  4 orc knights
  Pikel (D:6)
  3 manticores
  A harpy (shapeshifter) (D:15)
  An orc sorcerer (Orc:1)
  6 ugly things
  6 cyclopes
  An orb spider (Lair:4)
  4 fauns (Shoals:1)
  A wolf spider (Spider:1)
  3 centaur zombies
  9 elephants
  Maurice (Orc:1)
  7 black mambas
  A water nymph (Shoals:1)
  3 merfolk sirens (Shoals:1)
  2 gargoyles
  13 spiny frogs
  A kobold demonologist (D:14)
  4 komodo dragons
  4 centaur skeletons
  A rime drake (Lair:5)
  A yaktaur (D:14)
  3 merfolk
  15 trolls
  5 jumping spiders (Lair:4)
  A meliai (shapeshifter) (D:14)
  A wind drake (shapeshifter) (D:15)
  5 polar bears (Lair:5)
  A harpy skeleton (D:14)
  5 dream sheep (Lair:6)
  13 blink frogs
  A snapping turtle (Shoals:1)
  A hippogriff (shapeshifter) (D:15)
  10 hippogriffs
  7 redbacks
  3 vampires
  A wraith (D:15)
  A tarantella (Lair:4)
  25 yaks
  9 wyverns
  2 fire elementals (D:14)
  A water elemental (D:12)
  4 basilisks
  A steam dragon (D:9)
  Edmund (D:6)
  5 hungry ghosts
  3 vampire mosquitoes (D:15)
  Menkaure (D:6)
  2 wargs (Orc:2)
  2 acid dragons
  9 water moccasins
  Duvessa (D:5)
  3 hell hounds (D:14)
  4 porcupines
  4 ice beasts
  22 orc warriors
  2 hornet zombies
  A phantom (D:5)
  6 sky beasts
  5 black bears
  3 necrophages
  An eye of draining (D:12)
  21 centaurs
  27 ogres
  4 boggarts (D:15)
  9 wolves
  10 crocodiles
  3 big kobolds
  16 bullfrogs
  A gnoll sergeant (D:13)
  Dowan (D:5)
  6 scorpions
  4 wights (D:7)
  An electric eel (D:12)
  3 howler monkeys (D:7)
  6 crimson imps
  5 jellies
  2 quasits
  A bullfrog zombie (D:10)
  29 orc wizards
  7 orc priests
  Crazy Yiuf (D:3)
  7 hounds
  3 bullfrog skeletons
  3 iguanas
  12 worker ants
  4 hell rats (Lair:2)
  2 hound zombies (D:6)
  2 hound skeletons (D:9)
  2 worker ant zombies
  8 gnolls
  13 adders
  A howler monkey skeleton (D:6)
  3 shadow imps
  3 oozes
  An adder zombie (D:4)
  A worm (D:3)
  4 dart slugs
  9 leopard geckos
  83 orcs
  7 bats
  4 giant cockroaches
  5 goblins
  4 hobgoblins
  12 jackals
  7 quokkas
  5 frilled lizards
  A jackal skeleton (D:8)
  23 kobolds
  7 rats
  A fungus (D:3)
  A plant (Lair:6)
717 creatures vanquished.

Vanquished Creatures (others)
  A yaktaur (D:14)
  An orc warrior (D:6)
  A black bear (D:6)
  A howler monkey (D:6)
  A howler monkey skeleton (D:6)
  An adder (D:6)
  A leopard gecko (D:6)
  A jackal (D:6)
  13 fungi
  8 plants
  33 spectral weapons
62 creatures vanquished.

Grand Total: 779 creatures vanquished

Notes
Turn   | Place    | Note
-------+----------+-------------------------------------------
     0 | D:1      | MackTheKnife the Gnoll Skald began the quest for the Orb.
     0 | D:1      | Reached XP level 1. HP: 18/18 MP: 5/5
    65 | D:1      | Reached skill level 4 in Polearms
   165 | D:1      | Reached XP level 2. HP: 24/24 MP: 3/6
   288 | D:1      | Reached skill level 5 in Polearms
   318 | D:1      | Reached XP level 3. HP: 24/29 MP: 0/8
   583 | D:1      | Reached skill level 6 in Polearms
   924 | D:2      | Learned a level 3 spell: Spectral Weapon
   928 | D:2      | Learned a level 3 spell: Regeneration
   935 | D:2      | Learned a level 2 spell: Shroud of Golubria
  1530 | D:2      | Reached skill level 1 in Hexes
  1530 | D:2      | Reached XP level 4. HP: 35/35 MP: 9/9
  1757 | D:3      | Reached skill level 4 in Spellcasting
  1757 | D:3      | Reached skill level 5 in Charms
  1828 | D:3      | Found a burning altar of Makhleb.
  2296 | D:3      | Reached skill level 4 in Fighting
  2371 | D:3      | Found a runed door.
  2378 | D:3      | Noticed Crazy Yiuf
  2382 | D:3      | Killed Crazy Yiuf
  2382 | D:3      | Reached skill level 4 in Dodging
  2382 | D:3      | Reached XP level 5. HP: 43/43 MP: 1/11
  2557 | D:4      | Noticed morbho's ghost (amateur MiFi)
  2593 | D:4      | Reached skill level 5 in Fighting
  2832 | D:4      | Reached skill level 5 in Dodging
  3096 | D:4      | Reached XP level 6. HP: 39/52 MP: 8/12
  3171 | D:5      | Entered Level 5 of the Dungeon
  3182 | D:5      | Reached skill level 6 in Fighting
  3212 | D:5      | Noticed a phantom
  3229 | D:5      | Killed a phantom
  3229 | D:5      | Reached skill level 7 in Polearms
  3448 | D:5      | Got an opalescent robe
  3479 | D:5      | Reached XP level 7. HP: 58/58 MP: 4/13
  3535 | D:5      | Noticed Duvessa
  3535 | D:5      | Noticed Dowan
  3552 | D:5      | Killed Duvessa
  3552 | D:5      | Reached skill level 8 in Polearms
  3560 | D:5      | Killed Dowan
  3743 | D:5      | Identified the +2 robe of Narcissism {rPois rF+} (You found it on level 5 of the Dungeon)
  4169 | D:6      | Reached skill level 9 in Polearms
  4195 | D:6      | Reached skill level 6 in Dodging
  4195 | D:6      | Reached XP level 8. HP: 61/64 MP: 14/14
  4487 | D:6      | Noticed Menkaure
  4500 | D:6      | Killed Menkaure
  4500 | D:6      | Reached skill level 7 in Fighting
  4510 | D:6      | Found a bloodstained altar of Trog.
  4521 | D:6      | Reached skill level 7 in Dodging
  4649 | D:6      | Noticed Edmund
  4673 | D:6      | Killed Edmund
  4680 | D:6      | Noticed Pikel
  4715 | D:6      | Killed Pikel
  4715 | D:6      | Reached skill level 8 in Fighting
  4715 | D:6      | Reached skill level 8 in Dodging
  4715 | D:6      | Reached XP level 9. HP: 53/75 MP: 4/15
  5034 | D:5      | Found a staircase to the Ecumenical Temple.
  5038 | Temple   | Entered the Ecumenical Temple
  5073 | Temple   | Became a worshipper of Ashenzari the Shackled
  5159 | D:6      | Found a shimmering altar of Xom.
  5392 | D:7      | Found a blossoming altar of Fedhas.
  5431 | D:7      | Reached skill level 1 in Necromancy
  5492 | D:7      | Reached skill level 2 in Necromancy
  5535 | D:7      | Reached skill level 6 in Charms
  5697 | D:7      | Reached skill level 5 in Spellcasting
  5697 | D:7      | Reached skill level 3 in Necromancy
  5767 | D:7      | Reached skill level 4 in Necromancy
  5816 | D:7      | Reached skill level 6 in Spellcasting
  5890 | D:7      | Reached skill level 5 in Necromancy
  5958 | D:7      | Reached * piety under Ashenzari
  6188 | D:7      | Reached skill level 7 in Charms
  6231 | D:8      | Noticed Gastronok
  6305 | D:8      | Reached skill level 2 in Stealth
  6312 | D:8      | Reached skill level 3 in Stealth
  6314 | D:8      | Found a glowing silver altar of Zin.
  6345 | D:8      | Noticed Erica
  6377 | D:8      | Found a radiant altar of Vehumet.
  6413 | D:8      | Reached XP level 10. HP: 80/82 MP: 20/20
  6499 | D:8      | Killed Gastronok
  6499 | D:8      | Reached skill level 8 in Stealth
  6733 | D:8      | Killed Erica
  6733 | D:8      | Reached skill level 9 in Stealth
  7300 | D:8      | Found a snail-covered altar of Cheibriados.
  7300 | D:8      | Found a glowing silver altar of Zin.
  7561 | D:9      | Reached skill level 9 in Fighting
  7739 | D:9      | Reached skill level 6 in Necromancy
  7813 | D:9      | Reached skill level 7 in Spellcasting
  8131 | D:9      | Noticed a two-headed ogre
  8190 | D:9      | Reached XP level 11. HP: 89/89 MP: 12/22
  8245 | D:8      | Reached skill level 7 in Necromancy
  8396 | D:9      | Reached ** piety under Ashenzari
  8456 | D:9      | Identified the +9 chain mail "Etukopa" {rCorr Int+3 Dex-3}
  8607 | D:10     | Entered Level 10 of the Dungeon
  8729 | D:10     | Noticed Fannar
  8771 | D:10     | Noticed a two-headed ogre
  8781 | D:10     | Killed a two-headed ogre
  8781 | D:10     | Reached skill level 8 in Spellcasting
  8816 | D:10     | Learned a level 6 spell: Deflect Missiles
  8883 | D:10     | Reached skill level 1 in Air Magic
  8907 | D:10     | Noticed a green ugly thing
  8921 | D:10     | Killed a green ugly thing
  8921 | D:10     | Reached skill level 3 in Air Magic
  8940 | D:10     | HP: 22/89 [poisoned by a green ugly thing]
  8945 | D:10     | HP: 20/89 [poisoned by a green ugly thing]
  8950 | D:10     | HP: 20/89 [poisoned by a green ugly thing]
  8957 | D:10     | HP: 19/89 [poisoned by a green ugly thing]
  8965 | D:10     | HP: 19/89 [poisoned by a green ugly thing]
  9297 | D:10     | Reached skill level 4 in Air Magic
  9607 | D:11     | Reached skill level 5 in Air Magic
  9715 | D:11     | Reached skill level 6 in Air Magic
  9718 | D:11     | Found a staircase to the Lair.
  9803 | D:11     | Reached skill level 7 in Air Magic
 10085 | D:11     | Noticed a cyclops
 10218 | D:11     | Reached *** piety under Ashenzari
 10354 | D:11     | Reached skill level 8 in Air Magic
 10660 | D:11     | Killed a cyclops
 10666 | Lair:1   | Entered Level 1 of the Lair of Beasts
 10833 | Lair:1   | Reached **** piety under Ashenzari
 10858 | Lair:1   | Noticed a six-headed hydra
 10874 | Lair:1   | Identified the +3 long sword "Wacok" {flame, rC++ SInv}
 11009 | Lair:1   | Noticed a four-headed hydra
 11024 | Lair:1   | Killed a four-headed hydra
 11024 | Lair:1   | Reached skill level 8 in Charms
 11024 | Lair:1   | Reached XP level 12. HP: 85/95 MP: 14/24
 12542 | Lair:3   | Reached ***** piety under Ashenzari
 12562 | Lair:3   | Reached skill level 1 in Evocations
 12566 | Lair:3   | Reached skill level 2 in Evocations
 12571 | Lair:3   | Reached skill level 3 in Evocations
 12577 | Lair:3   | Reached skill level 4 in Evocations
 12703 | Lair:3   | Reached skill level 5 in Evocations
 12918 | Lair:3   | Reached skill level 6 in Evocations
 13544 | Lair:4   | Noticed a seven-headed hydra
 13623 | Lair:4   | Noticed a four-headed hydra
 13647 | Lair:4   | Reached skill level 7 in Evocations
 14039 | Lair:4   | Reached skill level 8 in Evocations
 14268 | Lair:4   | Killed a seven-headed hydra
 14291 | Lair:4   | Found a hole to the Spider Nest.
 14324 | Lair:4   | Reached skill level 9 in Dodging
 14648 | Lair:4   | Reached skill level 2 in Armour
 14862 | D:7      | Reached skill level 1 in Maces & Flails
 14881 | D:7      | Reached skill level 3 in Maces & Flails
 14988 | D:12     | Reached skill level 4 in Maces & Flails
 15003 | D:12     | Noticed a six-headed hydra
 15026 | D:12     | Reached skill level 5 in Maces & Flails
 15080 | D:12     | Reached skill level 6 in Maces & Flails
 15110 | D:12     | Killed a six-headed hydra
 15110 | D:12     | Reached skill level 7 in Maces & Flails
 15110 | D:12     | Reached XP level 13. HP: 74/101 MP: 14/25
 15327 | D:12     | Found a staircase to the Orcish Mines.
 15363 | D:12     | Reached skill level 8 in Maces & Flails
 15529 | D:12     | HP: 20/101 [wyvern (14)]
 16080 | D:12     | Reached skill level 9 in Maces & Flails
 16684 | Lair:4   | Found a staircase to the Shoals.
 17103 | Lair:5   | Reached skill level 10 in Maces & Flails
 17527 | Lair:5   | HP: 23/101 [blink frog (10)]
 17533 | Lair:5   | HP: 23/101 [poisoned by a water moccasin]
 17540 | Lair:4   | HP: 24/101 [poisoned by a water moccasin]
 18038 | Lair:6   | Entered Level 6 of the Lair of Beasts
 18054 | Lair:6   | Reached ****** piety under Ashenzari
 18316 | Lair:6   | Reached skill level 9 in Air Magic
 18400 | Lair:6   | Reached XP level 14. HP: 107/108 MP: 22/26
 18593 | Lair:6   | Reached skill level 9 in Spellcasting
 18601 | Lair:6   | Found a staircase to the Slime Pits.
 19454 | Lair:6   | Identified the ring "Felirrod" {+Blink rN+ Int-2 Slay+2}
 19454 | Lair:6   | Noticed a dire elephant
 19839 | Orc:1    | Entered Level 1 of the Orcish Mines
 19954 | Orc:1    | Reached skill level 9 in Charms
 20530 | Orc:2    | Entered Level 2 of the Orcish Mines
 20563 | Orc:2    | Reached skill level 3 in Armour
 20617 | Orc:2    | Noticed Sonja
 20655 | Orc:2    | Reached skill level 4 in Armour
 20656 | Orc:2    | Noticed a stone giant
 20675 | Orc:2    | Found Zidweuc's Food Shop.
 20675 | Orc:2    | Found Nuweas's Food Shop.
 20675 | Orc:2    | Found Yvaaq's Armour Emporium.
 20677 | Orc:2    | Found Dum Seitaohi's Assorted Antiques.
 20691 | Orc:1    | Noticed Maurice
 20692 | Orc:1    | Reached skill level 5 in Armour
 20715 | Orc:1    | Killed Maurice
 20950 | Orc:1    | Reached skill level 6 in Armour
 21464 | Orc:2    | Killed Sonja
 21785 | Orc:2    | Reached skill level 7 in Armour
 21840 | Orc:2    | Killed a stone giant
 22018 | Orc:2    | Found a staircase to the Elven Halls.
 23403 | Orc:2    | Reached skill level 10 in Fighting
 23698 | Orc:2    | Reached XP level 15. HP: 56/115 MP: 24/28
 23830 | Orc:2    | Bought a glowing bronze wand for 92 gold pieces
 23830 | Orc:2    | Bought a scroll of magic mapping for 80 gold pieces
 23830 | Orc:2    | Bought a scroll of identify for 46 gold pieces
 23835 | Orc:2    | Bought a +0 shield of protection for 161 gold pieces
 23900 | Orc:1    | Reached skill level 1 in Shields
 24031 | D:12     | Reached skill level 2 in Shields
 24301 | D:12     | Reached skill level 3 in Shields
 24370 | D:13     | Reached skill level 10 in Air Magic
 24893 | D:13     | Noticed Frances
 24894 | D:13     | Noticed Nessos
 24976 | D:13     | Reached skill level 4 in Shields
 25703 | D:14     | Reached skill level 5 in Shields
 25832 | D:14     | Found a glowing golden altar of the Shining One.
 25890 | D:14     | Reached skill level 6 in Shields
 26258 | D:14     | Reached skill level 7 in Shields
 26507 | D:14     | Noticed Azrael
 26536 | D:14     | Found a gate to the Vaults.
 26751 | D:14     | Cast into level 2 of the Abyss (a wizard)
 26808 | Abyss:2  | Found an opulent altar of Gozag.
 26819 | Abyss:2  | Noticed a tentacled starspawn
 26884 | D:14     | Escaped the Abyss
 27064 | D:14     | HP: 3/115 [Azrael/damnation (50)]
 27440 | D:14     | Reached skill level 8 in Shields
 27513 | D:14     | Killed Azrael
 27541 | D:14     | Reached skill level 9 in Shields
 27829 | D:14     | Reduced skill Polearms to level 8
 28003 | D:15     | Entered Level 15 of the Dungeon
 28039 | D:15     | Identified a scroll of acquirement
 28397 | D:15     | Found a runed door.
 28409 | D:15     | Found a runed door.
 28423 | D:15     | Found a runed door.
 28438 | D:15     | Found a runed door.
 28500 | D:15     | Reached skill level 10 in Shields
 29202 | D:15     | Found a sparkling altar of Nemelex Xobeh.
 29385 | D:15     | Found a staircase to the Depths.
 29435 | D:15     | Reached XP level 16. HP: 112/122 MP: 24/29
 29926 | Spider:1 | Entered Level 1 of the Spider Nest
 29926 | Spider:1 | Noticed Donald
 30175 | Temple   | Fell from the grace of Ashenzari
 30175 | Temple   | Became a worshipper of Warmaster Okawaru
 30406 | Shoals:1 | Entered Level 1 of the Shoals
 30969 | Shoals:1 | HP: 20/122 [faun/uncursed spear (21)]
 30988 | Shoals:1 | HP: 16/122 [manticore (19)]
 30989 | Shoals:1 | HP: 2/122 [manticore (12)]
 30996 | Shoals:1 | Reached * piety under Okawaru
 31023 | Shoals:1 | HP: 28/122 [manticore (7)]
 31028 | Shoals:1 | HP: 17/122 [manticore (3)]
 31556 | Spider:1 | HP: 23/123 [jumping spider (10)]
 31557 | Spider:1 | HP: 3/123 [jumping spider (18)]
 31563 | Spider:1 | Mangled by a jumping spider

Vault maps used:
D:1:      minmay_arrival_four_loops, minmay_small_reverse_x
D:2:      minmay_misc_feat_doors
D:3:      lemuel_round_altar, uniq_crazy_yiuf_cottage
D:4:      grunt_decor_cap
D:5:      minmay_temple_entry_from_below_a, first_bread, serial_aquarium,
          aquarium_bridge_square, aquarium_window_fake, aquarium_window_2,
          aquarium_view_2e, aquarium_balcony_double_3, aquarium_pool_four,
          uniq_duvessa
D:6:      lemuel_round_altar, xom_confusion_cloud, uniq_menkaure, uniq_pikel,
          uniq_edmund
D:7:      fedhas_altar_decomposition, hangedman_abyss_or_decor_passed
D:8:      lemuel_crystal_altar, amethyst_overflow_temple_binary, basic_altar,
          grunt_ogre_cave, uniq_gastronok, uniq_erica
D:9:      evilmike_butchery
D:10:     uniq_fannar
D:11:     david_lair_generic, serial_bayou, serial_bayou_ford_a,
          serial_bayou_crossing, serial_bayou_pond_d, serial_bayou_pond_a,
          serial_bayou_shore_b
D:12:     erik_orc_2
D:13:     uniq_frances, uniq_nessos
D:14:     david_vaults_2, tso_altar, dk_noncrumbling_2, uniq_azrael
D:15:     gammafunk_enter_depths_forms, lemuel_crystal_altar, eino_tiny_chamber,
          minmay_statue_crystal_thing
Temple:   nicolae_temple_elliptical
Lair:4:   minmay_shoals_entry_centaurs, nicolae_spider_entry_tight_spaces,
          lemuel_fruit_fields
Lair:5:   beast_lair_carwin_11
Lair:6:   grunt_lair_end_beastmaster, nicolae_slime_entry_slimehenge,
          minivault_11, hibernation_bobbens
Shoals:1: abandoned_shop
Spider:1: spider_trap, uniq_donald
Orc:1:    uniq_maurice
Orc:2:    st_orc_open, special_room, uniq_sonja

Skill      XL: |  1  2  3  4  5  6  7  8  9 10 11 12 13 14 15 |
---------------+----------------------------------------------+-----
Polearms       | 4 5 6 7 9 8 |  8.3
Hexes          | 1 |  1.4
Spellcasting   | 4 6 7 8 9 |  9.4
Charms         | 5 7 8 9 |  9.0
Fighting       | 4 5 6 8 9 10 | 10.4
Dodging        | 4 5 6 8 9 |  9.5
Necromancy     | 5 6 7 |  7.8
Stealth        | 3 9 |  9.3
Air Magic      | 8 9 10 | 10.6
Evocations     | 8 |  8.3
Armour         | 2 7 |  7.6
Maces & Flails | 7 10 | 10.7
Shields        | 10 | 10.7

Action                   |  1- 3 |  4- 6 |  7- 9 | 10-12 | 13-15 | 16-18 || total
-------------------------+-------+-------+-------+-------+-------+-------++-------
Melee: Spear             |   133 |   148 |   394 |       |       |       ||   675
       Bite              |    13 |    17 |    52 |    80 |   239 |    12 ||   413
       Trident           |       |       |    69 |   742 |       |       ||   811
       Whip              |       |       |    17 |    50 |  1729 |   159 ||  1955
 Fire: Blowgun           |       |       |     5 |       |       |       ||     5
 Cast: Infusion          |     5 |     5 |    10 |    23 |    35 |     1 ||    79
       Spectral Weapon   |     1 |    12 |    24 |    65 |   128 |    15 ||   245
       Shroud of Golubri |       |     7 |    11 |    32 |    50 |     1 ||   101
       Regeneration      |       |       |       |     4 |    28 |       ||    32
Invok: Curse Item        |       |       |     7 |     3 |     1 |       ||    11
       Scrying           |       |       |       |     3 |    10 |       ||    13
       Transfer Knowledg |       |       |       |       |     1 |       ||     1
Evoke: Wand              |       |       |       |     3 |    11 |       ||    14
       Phantom mirror    |       |       |       |       |     1 |       ||     1
  Use: Scroll            |       |    15 |     5 |     4 |    15 |     1 ||    40
       Potion            |       |     3 |       |     1 |     2 |    10 ||    16
 Stab: Distracted        |       |     2 |       |    10 |    25 |     5 ||    42
       Sleeping          |       |       |     1 |    15 |    11 |       ||    27
  Eat: Chunk             |     1 |     6 |    11 |    23 |    20 |     2 ||    63
       Royal jelly       |       |     1 |       |       |       |       ||     1
       Meat ration       |       |       |     1 |       |       |       ||     1
       Bread ration      |       |       |       |     2 |     7 |     1 ||    10
Armor: Leather armour    |    14 |    17 |    11 |       |       |       ||    42
       Robe              |       |       |    65 |   124 |   229 |    58 ||   476
Dodge: Dodged            |    56 |    72 |   228 |   487 |  1055 |    92 ||  1990
Block: Shield            |       |       |       |       |    71 |    76 ||   147

Vault maps used:
D:1:      minmay_arrival_four_loops, minmay_small_reverse_x
D:2:      minmay_misc_feat_doors
D:3:      lemuel_round_altar, uniq_crazy_yiuf_cottage
D:4:      grunt_decor_cap
D:5:      minmay_temple_entry_from_below_a, first_bread, serial_aquarium,
          aquarium_bridge_square, aquarium_window_fake, aquarium_window_2,
          aquarium_view_2e, aquarium_balcony_double_3, aquarium_pool_four,
          uniq_duvessa
D:6:      lemuel_round_altar, xom_confusion_cloud, uniq_menkaure, uniq_pikel,
          uniq_edmund
D:7:      fedhas_altar_decomposition, hangedman_abyss_or_decor_passed
D:8:      lemuel_crystal_altar, amethyst_overflow_temple_binary, basic_altar,
          grunt_ogre_cave, uniq_gastronok, uniq_erica
D:9:      evilmike_butchery
D:10:     uniq_fannar
D:11:     david_lair_generic, serial_bayou, serial_bayou_ford_a,
          serial_bayou_crossing, serial_bayou_pond_d, serial_bayou_pond_a,
          serial_bayou_shore_b
D:12:     erik_orc_2
D:13:     uniq_frances, uniq_nessos
D:14:     david_vaults_2, tso_altar, dk_noncrumbling_2, uniq_azrael
D:15:     gammafunk_enter_depths_forms, lemuel_crystal_altar, eino_tiny_chamber,
          minmay_statue_crystal_thing
Temple:   nicolae_temple_elliptical
Lair:4:   minmay_shoals_entry_centaurs, nicolae_spider_entry_tight_spaces,
          lemuel_fruit_fields
Lair:5:   beast_lair_carwin_11
Lair:6:   grunt_lair_end_beastmaster, nicolae_slime_entry_slimehenge,
          minivault_11, hibernation_bobbens
Shoals:1: abandoned_shop
Spider:1: spider_trap, uniq_donald
Orc:1:    uniq_maurice
Orc:2:    st_orc_open, special_room, uniq_sonja

Table legend:
 A = Turns spent in this place as a percentage of turns spent in the entire game.
 B = Non-inter-level travel turns spent in this place as a percentage of non-inter-level travel turns spent in the entire game.
 C = Inter-level travel turns spent in this place as a percentage of turns spent in this place.
 D = Turns resting spent in this place as a percentage of non-inter-level travel turns spent in this place.
 E = Turns spent auto-exploring this place as a percentage of non-inter-level travel turns spent in this place.
 F = Non-inter-level travel turns spent in this place divided by the number of levels of this place that you've seen.
                   A       B       C       D       E      F
               +-------+-------+-------+-------+-------+----------------------
         Total | 100.0 | 100.0 |   0.4 |   2.3 |   2.3 | 512.3
       Dungeon |  61.7 |  61.7 |   0.3 |   2.0 |   2.6 | 569.0
        Temple |   0.6 |   0.5 |   2.6 |   0.0 |   0.0 |  75.0
          Lair |  25.2 |  25.2 |   0.4 |   2.0 |   1.9 | 580.7
        Shoals |   1.6 |   1.6 |   0.0 |   3.2 |   0.0 | 219.0
   Spider Nest |   0.4 |   0.4 |   0.0 |   1.9 |   0.0 |  53.0
  Orcish Mines |   9.6 |   9.6 |   0.5 |   5.1 |   2.7 | 661.5
         Abyss |   1.0 |   1.0 |   0.0 |   0.0 |   0.0 | 143.0
               +-------+-------+-------+-------+-------+----------------------

Table legend:
 A = Kills in this place as a percentage of kills in entire the game.
 B = Kills by you in this place as a percentage of kills by you in the entire game.
 C = Kills by friends in this place as a percentage of kills by friends in the entire game.
 D = Other kills in this place as a percentage of other kills in the entire game.
 E = Experience gained in this place as a percentage of experience gained in the entire game.
 F = Experience gained in this place divided by the number of levels of this place that you have seen.
                   A       B       C       D       E      F
               +-------+-------+-------+-------+-------+----------------------
         Total | 100.0 | 100.0 |  -nan |  -nan | 100.0 | 5209.6
       Dungeon |  60.8 |  60.8 |  -nan |  -nan |  47.4 | 4442.3
          Lair |  20.7 |  20.7 |  -nan |  -nan |  30.1 | 7059.8
        Shoals |   1.7 |   1.7 |  -nan |  -nan |   3.9 | 5526.0
   Spider Nest |   0.6 |   0.6 |  -nan |  -nan |   0.8 | 1154.0
  Orcish Mines |  16.2 |  16.2 |  -nan |  -nan |  17.8 | 12493.0
               +-------+-------+-------+-------+-------+----------------------
